 Dungeon Crawl Stone Soup version 0.28.0-43-g3370ac3207 (console) character file.

Game seed: 5599141785955157736

661 Zeor the Cudgeller (level 7, -3/44 HPs)
             Began as a Gargoyle Monk on Mar 26, 2022.
             Slain by a lemure (4 damage)
             ... led by Pikel
             ... on level 5 of the Dungeon.
             The game lasted 00:10:03 (4501 turns).

Zeor the Cudgeller (Gargoyle Monk)                  Turns: 4501, Time: 00:10:03

Health: -3/44      AC: 13    Str: 17    XL:     7   Next: 56%
Magic:  7/7        EV:  7    Int: 10    God:
Gold:   193        SH:  0    Dex: 12    Spells: 6/6 levels left

rFire   . . .      SeeInvis .   a - +1 flail (venom)
rCold   . . .      Faith    .   (no shield)
rNeg    + . .      Spirit   .   c - +0 chain mail
rPois   ∞          Reflect  .   (no helmet)
rElec   +          Harm     .   (no cloak)
rCorr   .          Rampage  .   (no gloves)
Will    .....                   (no boots)
Stlth   ..........              (no amulet)
HPRegen 0.14/turn               (no ring)
MPRegen 0.10/turn               (no ring)

@: no status effects
A: sickness immunity, AC +4, negative energy resistance 1, electricity
resistance, torment resistance 1, petrification resistance
a: no special abilities


You were on level 5 of the Dungeon.
You visited 1 branch of the dungeon, and saw 5 of its levels.

You collected 193 gold pieces.

Inventory:

Hand Weapons
 a - a +1 flail of venom (weapon)
 h - a +2 falchion of venom
 l - a +1 mace
Missiles
 d - 9 bolts
 e - 4 silver javelins (quivered)
 f - 17 arrows
 i - a throwing net
Armour
 c - a +0 chain mail (worn)
Wands
 k - a wand of charming (7)
Potions
 b - 2 potions of brilliance
 g - a potion of cancellation


   Skills:
 + Level 4.7 Fighting
 * Level 7.2 Maces & Flails
 + Level 2.8 Armour
 + Level 2.9 Dodging
 - Level 2.1 Stealth


You had 6 spell levels left.
You didn't know any spells.
Your spell library contained the following spells:

 Spells                   Type           Power      Damage    Failure   Level
 Scorch                   Fire           0%         2d5       100%        2
 Flame Wave               Conj/Fire      0%         2d4       100%        4
 Summon Cactus Giant      Summ           0%         N/A       100%        6


Dungeon Overview and Level Annotations

Branches:
Dungeon (5/15)
 Temple: D:4-7

Altars:

Shops:
D:2 =

Annotations:
D:5 Pikel


Innate Abilities, Weirdness & Mutations

You are immune to sickness and miasma.
Your stone body is resilient. (AC +4)
You are immune to poison.
You resist negative energy. (rN+)
You are resistant to electric shocks. (rElec)
You are resistant to unholy torment.
You are immune to petrification.


Message History

The lemure barely misses you.
Pikel hits you with a +2 whip of electrocution!
You closely miss Pikel.
Pikel is lightly wounded.
The lemure hits you but does no damage. The lemure hits you.
The lemure hits you but does no damage. Pikel hits you but does no damage.
You barely miss Pikel.
Pikel is lightly wounded.
The lemure barely misses you. x3
Pikel hits you with a +2 whip of electrocution.
You barely miss Pikel.
Pikel is lightly wounded.
The lemure hits you. The lemure closely misses you.
The lemure hits you but does no damage.
Pikel hits you with a +2 whip of electrocution.
* * * LOW HITPOINT WARNING * * *
You feel much better. The lemure hits you but does no damage.
The lemure hits you! The lemure hits you.
Pikel hits you with a +2 whip of electrocution.
You barely miss Pikel.
Pikel is moderately wounded.
The lemure hits you.
* * * LOW HITPOINT WARNING * * *
The lemure hits you.
* * * LOW HITPOINT WARNING * * *
The lemure hits you but does no damage. Pikel barely misses you.
You hit Pikel.
Pikel looks as sick as possible!
Pikel is moderately wounded.
The lemure closely misses you. The lemure hits you but does no damage.
The lemure hits you!
* * * LOW HITPOINT WARNING * * *
Pikel hits you but does no damage.
You completely miss Pikel.
Pikel is heavily wounded.
The lemure barely misses you. The lemure hits you but does no damage.
The lemure closely misses you. Pikel hits you but does no damage.
You closely miss Pikel.
Pikel is heavily wounded.
The lemure hits you but does no damage. The lemure hits you.
You die...

▒▒▒▒∙∙∙∙∙∙∙▒▒∙∙▒
▒∙∙∙5∙∙∙∙∙∙▒▒∙∙▒
▒5▒▒∙∙5∙∙∙∙▒▒∙∙▒
▒5▒▒▒▒▒▒∙▒∙∙▒∙∙▒ ▒∙▒
▒∙∙∙∙∙∙∙▒ ▒†▒
▒∙∙▒∙▒∙▒▒▒▒▒▒▒▒▒▒
∙▒▒∙▒▒▒▒▒▒∙∙∙∙∙∙∙∙∙∙∙∙∙∙∙▒
!∙∙∙∙∙∙∙▒▒▒∙▒∙▒5▒▒▒▒▒▒▒▒∙▒
∙∙∙∙∙5∙∙∙55∙▒∙559K∙∙∙▒ ▒5▒
∙∙∙∙∙∙∙∙▒▒▒▒▒∙∙5▒▒▒▒∙▒ ▒5▒
∙∙∙∙∙∙∙∙▒ ▒▒∙∙▒ ▒∙▒ ▒∙▒
∙∙∙∙=∙∙∙▒∙∙∙∙∙∙>∙∙▒▒∙▒▒▒∙▒
∙∙∙∙∙)∙∙▒∙▒▒▒∙▒∙∙▒▒▒∙5∙5∙▒
∙∙∙∙∙∙∙$▒ ▒∙▒∙∙▒ ▒▒▒▒▒▒▒
∙∙∙∙∙∙∙∙▒ ▒∙▒∙∙▒


∙∙∙∙∙∙∙ ▒∙▒∙∙▒ ▒∙▒∙∙▒ You could see Pikel (extremely poisoned) and 4 lemures.

Vanquished Creatures
  Sigmund (D:4)
  A black bear (D:4)
  A necrophage (D:4)
  A water moccasin skeleton (D:3)
  Ijyb (D:3)
  Natasha (thrice) (D:3)
  A mummy (D:4)
  7 gnolls (D:4)
  2 adders (D:2)
  An ufetubus (D:4)
  An adder skeleton (D:4)
  2 worms (D:3)
  A dart slug (D:1)
  3 orcs
  3 bats (D:1)
  5 endoplasms
  3 giant cockroaches
  5 goblins
  5 hobgoblins
  3 quokkas
  5 ball pythons
  4 frilled lizards
  9 kobolds
  A kobold zombie (D:4)
  3 orc zombies (D:4)
  5 rats
77 creatures vanquished.

Vanquished Creatures (others)
  3 plants (D:4)
3 creatures vanquished.

Grand Total: 80 creatures vanquished

Notes
Turn   | Place    | Note
-------+----------+-------------------------------------------
     0 | D:1      | Zeor the Gargoyle Monk began the quest for the Orb.
     0 | D:1      | Reached XP level 1. HP: 14/14 MP: 1/1
   369 | D:1      | Reached XP level 2. HP: 18/19 MP: 2/2
   732 | D:1      | Reached XP level 3. HP: 18/23 MP: 3/3
  1217 | D:2      | Reached skill level 4 in Maces & Flails
  1288 | D:2      | Found Zuciceum's Jewellery Emporium.
  1353 | D:2      | Found a faded altar of an unknown god.
  1512 | D:2      | Reached XP level 4. HP: 28/29 MP: 4/4
  1933 | D:3      | Noticed Natasha
  1942 | D:3      | Killed Natasha
  1981 | D:3      | Noticed Natasha
  1985 | D:3      | Killed Natasha
  1986 | D:3      | Reached skill level 1 in Armour
  2040 | D:3      | Noticed Natasha
  2050 | D:3      | Killed Natasha
  2051 | D:3      | Reached XP level 5. HP: 20/33 MP: 5/5
  2183 | D:3      | Reached skill level 5 in Maces & Flails
  2580 | D:3      | Noticed Ijyb
  2609 | D:3      | Killed Ijyb
  2981 | D:4      | Noticed a black bear
  3089 | D:4      | Reached XP level 6. HP: 38/38 MP: 6/6
  3436 | D:4      | Noticed a necrophage
  3447 | D:4      | Killed a necrophage
  3448 | D:4      | Reached skill level 6 in Maces & Flails
  3697 | D:4      | Killed a black bear
  3698 | D:4      | Reached XP level 7. HP: 35/44 MP: 7/7
  3891 | D:4      | Noticed Sigmund
  3911 | D:4      | Killed Sigmund
  3912 | D:4      | Reached skill level 7 in Maces & Flails
  4373 | D:5      | Entered Level 5 of the Dungeon
  4487 | D:5      | Noticed Pikel
  4499 | D:5      | HP: 1/44 [lemure[Pikel] (7)]
  4501 | D:5      | Slain by a lemure

Illustrated notes

Levels and vault maps discovered:
D:1:      elethiomel_arrival_quiet, layout_rooms, minmay_pentomino_q2
D:2:      layout_loops_cross, hellmonk_ecumenical_altar_heavens_door,
          serial_shops, nicolae_square_shop, kennysheep_path_1
D:3:      layout_loops_ring, uniq_ijyb, uniq_natasha
D:4:      layout_basic, chequers_big_river, minmay_mini_ossuary, uniq_sigmund
D:5:      layout_basic, amcnicky_altar_gilded, uniq_pikel

Skill      XL: |  1  2  3  4  5  6  7 |
---------------+----------------------+-----
Maces & Flails | 4 5 6 7 |  7.2
Armour         | 1 2 |  2.8
Fighting       | 4 |  4.7
Dodging        | |  2.9
Stealth        | |  2.1

Action                   |  1- 3 |  4- 6 |  7- 9 || total
-------------------------+-------+-------+-------++-------
Melee: Mace              |   130 |   165 |    30 ||   325
       Punch             |       |     4 |       ||     4
       Flail             |       |       |    12 ||    12
  Use: Scroll            |     1 |     6 |       ||     7
       Potion            |       |     2 |     5 ||     7
 Stab: Invisible         |       |     4 |       ||     4
Armor: Robe              |    13 |       |       ||    13
       Chain mail        |    79 |    82 |    47 ||   208
Dodge: Dodged            |    57 |    65 |    27 ||   149
